BR (22 & UNDER)
SANTA ANNA DUKES @ PUEBLO PRAIRIE DOGS
09/21/2028
 
TOP OF THE 1ST
Santa Anna Dukes batting - Pitching for Pueblo Prairie Dogs : RHP Raúl Vallejo
Pitching: RHP Raúl Vallejo
Batting: RHB John Hutchins 0-0: Called Strike
0-1: Ball
1-1: Called Strike
1-2: Ball
2-2: Foul Ball, location: 2F
2-2: Strikes out looking
Batting: RHB Amdre Casse 0-0: Ball
1-0: Foul Ball, location: 2F
1-1: Foul Ball, location: 2F
1-2: Ball
2-2: Foul Ball, location: 2F
2-2: Strikes out looking
Batting: SHB Kel Davis 0-0: Foul Ball, location: 2F
0-1: Foul Ball, location: 2F
0-2: Ground out 5-3 (Groundball, 56)
Top of the 1st over - 0 run(s), 0 hit(s), 0 error(s), 0 left on base; Santa Anna 0 - Pueblo 0
BOTTOM OF THE 1ST
Pueblo Prairie Dogs batting - Pitching for Santa Anna Dukes : LHP Logan Brown
Pitching: LHP Logan Brown
Batting: RHB Steve Murphy 0-0: Ball
1-0: Called Strike
1-1: Called Strike
1-2: Foul Ball, location: 2F
1-2: Ball
2-2: Fly out, F9 (Line Drive, 9)
Batting: RHB John Newman 0-0: Called Strike
0-1: Ball
1-1: Ball
2-1: Ball
3-1: Foul Ball, location: 2F
3-2: Ground out 6-3 (Groundball, 6)
Batting: RHB José Zumaya 0-0: Ball
1-0: Swinging Strike
1-1: Swinging Strike
1-2: Strikes out swinging
Bottom of the 1st over - 0 run(s), 0 hit(s), 0 error(s), 0 left on base; Santa Anna 0 - Pueblo 0
TOP OF THE 2ND
Santa Anna Dukes batting - Pitching for Pueblo Prairie Dogs : RHP Raúl Vallejo
Batting: RHB Jesús Velásquez 0-0: Called Strike
0-1: Called Strike
0-2: Ball
1-2: Strikes out looking
Batting: SHB Jerry Young 0-0: Called Strike
0-1: Ground out 3-1 (Groundball, 34)
Batting: RHB William Elliott 0-0: Ball
1-0: Ball
2-0: Called Strike
2-1: Ground out 6-3 (Groundball, 6)
Top of the 2nd over - 0 run(s), 0 hit(s), 0 error(s), 0 left on base; Santa Anna 0 - Pueblo 0
BOTTOM OF THE 2ND
Pueblo Prairie Dogs batting - Pitching for Santa Anna Dukes : LHP Logan Brown
Batting: RHB Manny Herrera 0-0: Ball
1-0: Swinging Strike
1-1: Ground out 6-3 (Groundball, 6)
Batting: SHB Pancho Morán 0-0: Ball
1-0: Ball
2-0: Ground out 5-3 (Groundball, 5S)
Batting: LHB Bartholomeu Marrafa 0-0: SOLO HOME RUN (Flyball, 9D), Distance : 375 ft
Batting: RHB Carlos Villagrama 0-0: Ground out 5-3 (Groundball, 56S)
Bottom of the 2nd over - 1 run(s), 1 hit(s), 0 error(s), 0 left on base; Santa Anna 0 - Pueblo 1
TOP OF THE 3RD
Santa Anna Dukes batting - Pitching for Pueblo Prairie Dogs : RHP Raúl Vallejo
Batting: RHB Allen Barlow 0-0: Called Strike
0-1: Ground out 5-3 (Groundball, 5S)
Batting: RHB Tom Fisher 0-0: Ball
1-0: Ball
2-0: Called Strike
2-1: Foul Ball, location: 2F
2-2: Ball
3-2: Strikes out swinging
Batting: RHB Ken Pérez 0-0: Fly out, F9 (Flyball, 9LSF)
Top of the 3rd over - 0 run(s), 0 hit(s), 0 error(s), 0 left on base; Santa Anna 0 - Pueblo 1
BOTTOM OF THE 3RD
Pueblo Prairie Dogs batting - Pitching for Santa Anna Dukes : LHP Logan Brown
Batting: RHB Jared Williamson 0-0: Foul Ball, location: 2F
0-1: Called Strike
0-2: Foul Ball, location: 2F
0-2: Strikes out swinging
Batting: LHB Peter Rodgers 0-0: Called Strike
0-1: Ground out 3-1 (Groundball, 34S)
Batting: RHB Steve Murphy 0-0: Ball
1-0: Ground out 5-3 (Groundball, 56)
Bottom of the 3rd over - 0 run(s), 0 hit(s), 0 error(s), 0 left on base; Santa Anna 0 - Pueblo 1
TOP OF THE 4TH
Santa Anna Dukes batting - Pitching for Pueblo Prairie Dogs : RHP Raúl Vallejo
Batting: RHB John Hutchins 0-0: Called Strike
0-1: Ball
1-1: Swinging Strike
1-2: Ball
2-2: Reached on error, E7 (Line Drive, 7)
Batting: RHB Amdre Casse 0-0: Called Strike
0-1: Ball
John Hutchins steals 3rd base
1-1: Ball
2-1: Swinging Strike
2-2: Strikes out swinging
Batting: SHB Kel Davis 0-0: Ball
1-0: Ground out 3-1 (Groundball, 34)
John Hutchins scores
Batting: RHB Jesús Velásquez 0-0: Called Strike
0-1: Ball
1-1: Called Strike
1-2: Ball
2-2: SINGLE (Groundball, 56D)
Batting: SHB Jerry Young 0-0: Ball
Jesús Velásquez steals 2nd base
1-0: Ball
2-0: Called Strike
2-1: Ball
3-1: Base on Balls
Batting: RHB William Elliott 0-0: Ball
1-0: Ball
2-0: Swinging Strike
2-1: Ball
3-1: Ground out 1-3 (Groundball, 15S)
Top of the 4th over - 1 run(s), 1 hit(s), 1 error(s), 2 left on base; Santa Anna 1 - Pueblo 1
BOTTOM OF THE 4TH
Pueblo Prairie Dogs batting - Pitching for Santa Anna Dukes : LHP Logan Brown
Batting: RHB John Newman 0-0: Called Strike
0-1: Ball
1-1: Ball
2-1: Ball
3-1: Called Strike
3-2: Ground out 6-3 (Groundball, 6S)
Batting: RHB José Zumaya 0-0: Ball
1-0: Ball
2-0: SINGLE (Line Drive, 8RS)
Batting: RHB Manny Herrera 0-0: SINGLE (Groundball, 4MD)
José Zumaya to second
Runner from 2nd tries for 3rd, SAFE, throw made to third
Batting: SHB Pancho Morán 0-0: Ball
1-0: DOUBLE (Flyball, 78M)
José Zumaya scores
Manny Herrera to third
Batting: LHB Bartholomeu Marrafa 0-0: Ball
1-0: Ball
2-0: Swinging Strike
2-1: Swinging Strike
2-2: Strikes out swinging
Batting: RHB Carlos Villagrama 0-0: Foul Ball, location: 2F
0-1: Ball
1-1: Ball
2-1: SINGLE (Groundball, 6D)
Manny Herrera scores
Pancho Morán to third
Runner from 3rd tries for Home, SAFE, no throw
Batting: RHB Jared Williamson 0-0: Called Strike
0-1: Called Strike
0-2: Strikes out swinging
Bottom of the 4th over - 3 run(s), 4 hit(s), 0 error(s), 1 left on base; Santa Anna 1 - Pueblo 4
TOP OF THE 5TH
Santa Anna Dukes batting - Pitching for Pueblo Prairie Dogs : RHP Raúl Vallejo
Batting: RHB Allen Barlow 0-0: Called Strike
0-1: Ball
1-1: Swinging Strike
1-2: Foul Ball, location: 2F
1-2: Foul Ball, location: 2F
1-2: Foul Ball, location: 2F
1-2: Foul Ball, location: 2F
1-2: Ball
2-2: Foul Ball, location: 2F
2-2: Ball
3-2: Base on Balls
Batting: RHB Tom Fisher 0-0: Swinging Strike
0-1: Ball
1-1: Ball
2-1: Swinging Strike
2-2: SINGLE (Groundball, 4MD)
Allen Barlow to second
Runner from 2nd tries for 3rd, SAFE, throw made to third
Tom Fisher to second
Batting: RHB Ken Pérez 0-0: Called Strike
0-1: Ball
1-1: Fly out, F8 (Flyball, 8RM)
Runner from 3rd tags up, SCORES, throw made
Pitching: RHP Ángel Morán
Batting: RHB John Hutchins 0-0: Ball
1-0: Foul Ball, location: 2F
1-1: Ball
2-1: Ball
3-1: Swinging Strike
3-2: Strikes out swinging
Batting: RHB Amdre Casse 0-0: SINGLE (Line Drive, 7LS)
Tom Fisher to third
Batting: SHB Kel Davis 0-0: Foul Ball, location: 2F
0-1: Ball
1-1: Foul Ball, location: 2F
1-2: Ball
2-2: Fly out, F4 (Line Drive, 4M)
Top of the 5th over - 1 run(s), 2 hit(s), 0 error(s), 2 left on base; Santa Anna 2 - Pueblo 4
BOTTOM OF THE 5TH
Pueblo Prairie Dogs batting - Pitching for Santa Anna Dukes : LHP Logan Brown
Batting: LHB Peter Rodgers 0-0: Called Strike
0-1: Ground out 5-3 (Groundball, 5L)
Batting: RHB Steve Murphy 0-0: Ball
1-0: Ground out 4-3 (Groundball, 4S)
Batting: RHB John Newman 0-0: Ball
1-0: SINGLE (Groundball, 6) (infield hit)
Batting: RHB José Zumaya 0-0: Ball
1-0: Called Strike
1-1: Ball
2-1: Swinging Strike
2-2: Ground out 6-3 (Groundball, 6)
Bottom of the 5th over - 0 run(s), 1 hit(s), 0 error(s), 1 left on base; Santa Anna 2 - Pueblo 4
TOP OF THE 6TH
Santa Anna Dukes batting - Pitching for Pueblo Prairie Dogs : RHP Ángel Morán
Batting: RHB Jesús Velásquez 0-0: Ball
1-0: Swinging Strike
1-1: Ball
2-1: Foul Ball, location: 2F
2-2: Ball
3-2: Base on Balls
Batting: SHB Jerry Young 0-0: Ball
1-0: Ball
2-0: Called Strike
2-1: Ball
3-1: Foul Ball, location: 2F
3-2: Foul Ball, location: 2F
3-2: 2-RUN HOME RUN (Flyball, 9LD), Distance : 347 ft
Batting: RHB William Elliott 0-0: Foul Ball, location: 2F
0-1: Foul Ball, location: 2F
0-2: Foul Ball, location: 2F
0-2: Fly out, F9 (Flyball, 9LMF)
Batting: RHB Allen Barlow 0-0: Called Strike
0-1: Swinging Strike
0-2: Fly out, F7 (Flyball, 7D)
Batting: RHB Tom Fisher 0-0: Called Strike
0-1: Fly out, F6 (Line Drive, 6)
Top of the 6th over - 2 run(s), 1 hit(s), 0 error(s), 0 left on base; Santa Anna 4 - Pueblo 4
BOTTOM OF THE 6TH
Pueblo Prairie Dogs batting - Pitching for Santa Anna Dukes : LHP Logan Brown
Batting: RHB Manny Herrera 0-0: Ball
1-0: Swinging Strike
1-1: Swinging Strike
1-2: Strikes out swinging
Batting: SHB Pancho Morán 0-0: Swinging Strike
0-1: Called Strike
0-2: Ground out 6-3 (Groundball, 6)
Batting: LHB Bartholomeu Marrafa 0-0: Foul Ball, location: 2F
0-1: Swinging Strike
0-2: Strikes out looking
Bottom of the 6th over - 0 run(s), 0 hit(s), 0 error(s), 0 left on base; Santa Anna 4 - Pueblo 4
TOP OF THE 7TH
Santa Anna Dukes batting - Pitching for Pueblo Prairie Dogs : RHP Ángel Morán
Batting: RHB Ken Pérez 0-0: Ball
1-0: Called Strike
1-1: Ball
2-1: Called Strike
2-2: Strikes out swinging
Batting: RHB John Hutchins 0-0: Called Strike
0-1: Ball
1-1: Fly out, F7 (Flyball, 7LM)
Pinch Hitting: RHB Alberto Morín 0-0: Ball
1-0: Fly out, F9 (Flyball, 9)
Top of the 7th over - 0 run(s), 0 hit(s), 0 error(s), 0 left on base; Santa Anna 4 - Pueblo 4
BOTTOM OF THE 7TH
Pueblo Prairie Dogs batting - Pitching for Santa Anna Dukes : LHP Logan Brown
Now at SS: Alberto Morín
Batting: RHB Carlos Villagrama 0-0: Swinging Strike
0-1: Foul Ball, location: 2F
0-2: Ball
1-2: Ground out 4-3 (Groundball, 4)
Pitching: RHP Elliott Hinton
Pinch Hitting: RHB Clancy Castro 0-0: Ball
1-0: Reached via error on a dropped throw, E3
Pinch Runner at 1st Manuel Pérez:
Pinch Hitting: RHB Ánibal Barrios 0-0: Ball
1-0: Swinging Strike
1-1: SINGLE (Groundball, 6MD)
Manuel Pérez to second
Runner from 2nd tries for 3rd, SAFE, throw made to third
Ánibal Barrios to second
Pinch Hitting: RHB Shigekazu Kaneko 0-0: Called Strike
0-1: Ground out 1-3 (Groundball, 15S)
Batting: RHB John Newman 0-0: Reached on error, E5 (Groundball, 56)
Manuel Pérez scores
Ánibal Barrios to third
Batting: RHB José Zumaya 0-0: Ground out 5-3 (Groundball, 56S)
Bottom of the 7th over - 1 run(s), 1 hit(s), 2 error(s), 2 left on base; Santa Anna 4 - Pueblo 5
TOP OF THE 8TH
Santa Anna Dukes batting - Pitching for Pueblo Prairie Dogs : RHP Ángel Morán
Pitching: LHP John Avery
Now at 1B: Hunter Bond
Now at 2B: Ánibal Barrios
Now in LF: Manuel Pérez
Batting: SHB Kel Davis 0-0: SINGLE (Groundball, 56D)
Pitching: RHP Mike Green
Pinch Runner at 1st Kevin Grimes:
Pinch Hitting: LHB John Miller 0-0: Ball
1-0: Swinging Strike
1-1: Ball
2-1: Grounds into double play, 4-6-3 (Groundball, 4)
Batting: SHB Jerry Young 0-0: SOLO HOME RUN (Flyball, 8LXD), Distance : 442 ft
Batting: RHB William Elliott 0-0: Ball
1-0: Ball
2-0: Foul Ball, location: 2F
2-1: Called Strike
2-2: Strikes out swinging
Top of the 8th over - 1 run(s), 2 hit(s), 0 error(s), 0 left on base; Santa Anna 5 - Pueblo 5
BOTTOM OF THE 8TH
Pueblo Prairie Dogs batting - Pitching for Santa Anna Dukes : RHP Elliott Hinton
Now in LF: Kevin Grimes
Now in RF: John Miller
Batting: RHB Manny Herrera 0-0: Ball
1-0: Called Strike
1-1: SINGLE (Groundball, 5D)
Pinch Runner at 1st Jason King:
Batting: SHB Pancho Morán 0-0: Called Strike
0-1: Ball
1-1: Ball
2-1: SINGLE (Groundball, 4MS) (infield hit)
Jason King to second
Pinch Hitting: RHB Danny Boykins 0-0: Sac Bunt - play at first, batter OUT! 1-3
Jason King to third
Pancho Morán to second
Batting: RHB Carlos Villagrama 0-0: Intentional Walk
Batting: RHB Manuel Pérez 0-0: Called Strike
0-1: Foul Ball, location: 2F
0-2: Ball
1-2: Fly out, F7 (Flyball, 7)
Runner from 3rd tags up, SCORES, no throw
Pitching: RHP Randy Rivera
Pinch Runner at 2nd Dan Crowder:
Batting: RHB Ánibal Barrios 0-0: Fly out, F8 (Line Drive, 78S)
Bottom of the 8th over - 1 run(s), 2 hit(s), 0 error(s), 2 left on base; Santa Anna 5 - Pueblo 6
TOP OF THE 9TH
Santa Anna Dukes batting - Pitching for Pueblo Prairie Dogs : RHP Mike Green
Pitching: RHP Alonso Rivera
Now in CF: Jason King
Now in RF: Ronaldo Trovisqueira
Pinch Hitting: RHB Brent Allen 0-0: Foul Ball, location: 2F
0-1: Called Strike
0-2: Ball
1-2: Strikes out looking
Batting: RHB Tom Fisher 0-0: Foul Ball, location: 2F
0-1: Ground out 5-3 (Groundball, 56S)
Batting: RHB Ken Pérez 0-0: Ball
1-0: Called Strike
1-1: Ball
2-1: Fly out, F8 (Flyball, 8LD)
Top of the 9th over - 0 run(s), 0 hit(s), 0 error(s), 0 left on base; Santa Anna 5 - Pueblo 6
Tuesday, August 8th, 2017 - OOTP Baseball 17.12 Build 75